 Dungeon Crawl Stone Soup version 0.32-a0-571-gec57dfcd37 (webtiles) character file.

Game seed: 15177122996190630733

10262 ezpacito the Trooper (level 11, 0/83 HPs)
             Began as a Demonspawn Chaos Knight on Feb 29, 2024.
             Was a Plaything of Xom.
             Slain by a vampire (17 damage)
             ... on level 10 of the Dungeon.
             The game lasted 00:14:13 (8798 turns).

ezpacito the Trooper (Demonspawn Chaos Knight)      Turns: 8798, Time: 00:14:13

Health: 0/83       AC: 11    Str: 17    XL:     11   Next: 33%
Magic:  19/19      EV: 18    Int: 12    God:    Xom [...*..]
Gold:   237        SH:  5    Dex: 13    Spells: 0/20 levels left

rFire   . . .        a - +4 hand axe (chaos)
rCold   . . .        (no shield)
rNeg    . . .        y - +0 ring mail {rPois}
rPois   +            (no helmet)
rElec   .            u - +0 cloak
rCorr   .            H - +0 pair of gloves
SInv    .            (no boots)
Will    .....        F - amulet of reflection
Stlth   ++           G - +5 ring of evasion
HPRegen 1.13/turn    P - ring of poison resistance
MPRegen 0.16/turn

%: reflection, clarity
@: studying Shields
A: hooves 2, thin metallic scales 2, foul stench 2, clarity, regeneration 1,
subdued magic 1, inability to drink after injury 1, MP-powered wands, noise
suppression
a: Renounce Religion


You were on level 10 of the Dungeon.
You worshipped Xom.
You were a favourite toy of Xom.
You visited 2 branches of the dungeon, and saw 11 of its levels.

You collected 519 gold pieces.
You spent 282 gold pieces at shops.

Inventory:

Hand Weapons
 a - a +4 hand axe of chaos (weapon)
 f - a +3 war axe of protection
 O - a +0 battleaxe
Missiles
 k - 15 boomerangs (quivered)
 m - 34 poisoned darts
 v - 3 curare-tipped darts
Armour
 e - an orb of energy
 u - a +0 cloak (worn)
 y - a +0 ring mail of poison resistance (worn)
 H - a +0 pair of gloves (worn)
 S - a +0 plate armour of cold resistance
Jewellery
 i - a ring of flight
 z - an amulet of faith
 F - an amulet of reflection (around neck)
 G - a +5 ring of evasion (left hand)
 P - a ring of poison resistance (right hand)
Talismans
 c - a flux talisman
 h - a beast talisman
Wands
 r - a wand of polymorph (13)
 w - a wand of flame (60)
 A - a wand of roots (4)
 D - a wand of digging (6)
 K - a wand of paralysis (12)
Scrolls
 g - a scroll of fear
 j - 2 scrolls of vulnerability
 t - 4 scrolls of teleportation
 B - a scroll of blinking
 C - a scroll of immolation
 L - a scroll of amnesia
 M - 2 scrolls of poison
 N - 2 scrolls of revelation
 Q - a scroll of acquirement {unknown}
Potions
 b - a potion of brilliance {unknown}
 d - 2 potions of might
 l - a potion of heal wounds
 n - 2 potions of resistance
 o - 2 potions of magic
 p - a potion of attraction {unknown}
 q - 4 potions of curing
 s - a potion of lignification {unknown}
 x - 2 potions of ambrosia
 E - 3 potions of mutation
 I - 3 potions of enlightenment {unknown}
 J - a potion of degeneration {unknown}
 R - 2 potions of cancellation {unknown}


   Skills:
 * Level 6.9 Fighting
 * Level 6.2(6.8) Axes
 + Level 4.0(5.7) Polearms
 * Level 5.8 Armour
 * Level 5.6 Dodging
 + Level 4.4 Stealth
 + Level 4.7 Shields
 * Level 5.4 Unarmed Combat
 * Level 5.4 Spellcasting
 + Level 2.4 Conjurations
 + Level 2.4 Hexes
 + Level 2.0 Summonings
 * Level 0.8 Necromancy
 + Level 0.2 Alchemy
 + Level 3.7 Evocations


You couldn't memorise any spells.
You knew the following spells:

 Your Spells              Type           Power      Damage    Failure   Level
a - Animate Armour        Summ/Erth      8%         N/A       89%         4
b - Summon Blazeheart Go  Fire/Summ      4%         N/A       89%         4
c - Silence               Hex/Air        2%         N/A       99%         5
d - Cigotuvi's Dreadful   Necr/Alch/Air  6%         N/A       36%         2
e - Momentum Strike       Conj/Tloc      8%         3d8       26%         2
x - Stone Arrow           Conj/Erth      8%         3d7       47%         3

Your spell library contained the following spells:

 Spells                   Type           Power      Damage    Failure   Level
 Summon Small Mammal      Summ           24%        N/A       12%         1
 Call Canine Familiar     Summ           6%         N/A       36%         3
 Scorch                   Fire           4%         2d5       41%         2
 Gell's Gravitas          Tloc           2%         N/A       65%         3
 Martyr's Knell           Necr/Summ      5%         N/A       86%         4
 Brom's Barrelling Bould  Conj/Erth      4%         2d3       88%         4
 Dispel Undead            Necr           3%         3d7       92%         4
 Airstrike                Air            1%         2d(1-17)  96%         4
 Iskenderun's Battlesphe  Conj           6%         2d6       97%         5
 Summon Mana Viper        Hex/Summ       6%         N/A       98%         5
 Fireball                 Conj/Fire      2%         3d4       99%         5
 Conjure Ball Lightning   Conj/Air       2%         3x3d6     100%        6
 Death Channel            Necr           1%         N/A       100%        6
 Starburst                Conj/Fire      2%         6d3       100%        6
 Orb of Destruction       Conj           3%         9d5       100%        7
 Lehudib's Crystal Spear  Conj/Erth      2%         10d2      100%        8
 Fire Storm               Conj/Fire      2%         8d1       100%        9


Dungeon Overview and Level Annotations

Branches:
Dungeon (10/15)            Temple (1/1) D:7            Lair (0/5) D:9
    Orc: D:9-12

Altars:
Ashenzari
Cheibriados
Dithmenos
Fedhas
Gozag
Hepliaklqana
Kikubaaqudgha
Makhleb
Nemelex Xobeh
Okawaru
Qazlal
Ru
Sif Muna
Trog
Uskayaw
Vehumet
Wu Jian
Xom
Yredelemnul
Beogh

Shops:
D:5 ?   D:6 [   D:8 ?


Innate Abilities, Weirdness & Mutations

You have hoof-like feet.
You are mostly covered in thin metallic scales. (AC +3)
You sometimes emit foul miasma when damaged in melee.
You possess an exceptional clarity of mind.
Your natural rate of healing is unusually fast.
Your spells are a little easier to cast, but a little less powerful.
You occasionally lose the ability to drink potions when taking damage.
You expend magic power (3 MP) to strengthen your wands.
You passively dampen the noise of your surroundings.


Message History

Something draws strength from your injuries!
You take 5 damage, and have 70/83 hp.
You hit something. You burn something. Your kick misses something.
You block something's attack. Something bites you!
Something draws strength from your injuries!
You emit a cloud of foul miasma!
You take 16 damage, and have 54/83 hp.
You hit something but do no damage. Your kick misses something.
You hear some strange, mumbled words.
Something tries to affect you, but you resist.
You regained 2 hp, and now have 56/83 hp.
You miss something. Your kick misses something. Something hits you!
Something bites you but does no damage.
You take 12 damage, and have 44/83 hp.
You hit something but do no damage.
Nothing appears to happen.
Something hits you but does no damage. You block something's attack.
You hit something. Something completely misses you.
Something bites you but does no damage. Something barely misses you.
You block something's attack.
You hit something but do no damage. Your kick misses something.
Something hits you! Something barely misses you.
You take 14 damage, and have 32/83 hp.
You closely miss something. Your kick misses something. Something hits you.
Something closely misses you. Something hits you!
* * * LOW HITPOINT WARNING * * *
Something bites you!
* * * LOW HITPOINT WARNING * * *
Something draws strength from your injuries!
You take 22 damage, and have 10/83 hp.
MASSIVE DAMAGE!!
You barely miss something. Your kick misses something.
Something barely misses you. Something bites you.
* * * LOW HITPOINT WARNING * * *
Something draws strength from your injuries!
You take 4 damage, and have 6/83 hp.
Okay, then.
You feel much better. Something hits you.
* * * LOW HITPOINT WARNING * * *
Something bites you!
You die... "This toy is broken."

##...........#
**########...........##
###
*,,.........(#.......##
###.. *
*######..>.##...####
##.... ##...###..##
#..... #...# ##..##
##..... #...#
##..###...... #..5##
##..##...... ##.@.#
##.##...... #.{.#
#..#...... #...#
##........ #...#
##....... ##..#
##...... #..# ##.....
#..# #..### #..# ##....
#..# #..##


You could see a friendly iron imp (summoned).

Vanquished Creatures
  A two-headed ogre (D:10)
  Pikel (D:7)
  An elephant (D:9)
  2 komodo dragons
  A troll (D:9)
  A shadow (D:9)
  A vampire (D:10)
  19 yaks
  2 wyverns
  2 basilisks (D:8)
  5 humans
  Grum (D:10)
  Edmund (D:9)
  An acid dragon (D:8)
  3 orc warriors (D:10)
  2 sky beasts
  2 ice beasts
  A black bear (D:8)
  4 wolves (D:10)
  A phantom (D:5)
  4 kobold brigands
  2 gnoll sergeants
  A scorpion (D:6)
  7 wights
  10 killer bees (D:9)
  3 howler monkeys (D:9)
  2 orc priests (D:10)
  3 bombardier beetles
  2 jellies
  4 hounds
  A gnoll bouda (D:4)
  Ijyb (D:9)
  Natasha (thrice) (D:3)
  Terence (D:2)
  2 iguanas (D:5)
  A human skeleton (D:7)
  9 orc wizards
  13 gnolls
  5 adders
  3 shadow imps
  6 white imps
  4 ufetubi
  4 dart slugs
  2 ribbon worms
  43 orcs
  6 endoplasms
  7 giant cockroaches
  9 goblins
  8 hobgoblins
  9 jackals
  3 quokkas
  4 ball pythons
  6 bats
  A frilled lizard (shapeshifter) (D:10)
  2 frilled lizards (D:1)
  25 kobolds
  2 kobold skeletons (D:7)
  4 rats
274 creatures vanquished.

Vanquished Creatures (collateral kills)
  A yak (D:9)
  An ogre (D:5)
  A dart slug (D:4)
3 creatures vanquished.

Vanquished Creatures (others)
  An orc warrior (D:10)
  4 lemures (D:7)
  A scorpion (D:5)
  2 killer bees (D:9)
  An orc (D:10)
9 creatures vanquished.

Grand Total: 286 creatures vanquished

Notes
Turn   | Place    | Note
-------+----------+-------------------------------------------
     0 | D:1      | ezpacito the Demonspawn Chaos Knight began the quest for
                  | the Orb.
     0 | D:1      | Reached XP level 1. HP: 18/18 MP: 1/1
     5 | D:1      | Noticed an armataur
    13 | D:1      | Noticed a spriggan
    15 | D:1      | Noticed an elf
    19 | D:1      | Noticed a ghoul
    58 | D:1      | Reached skill level 1 in Dodging
    93 | D:1      | Gained mutation: You may rarely emit foul miasma when
                  | damaged in melee. [demonic ancestry]
    93 | D:1      | Reached XP level 2. HP: 24/24 MP: 2/2
   123 | D:1      | XOM: divination: magic mapping
   429 | D:1      | XOM: divination: magic mapping
   619 | D:1      | Gained mutation: You are partially covered in thin metallic
                  | scales. (AC +2) [demonic ancestry]
   619 | D:1      | Reached XP level 3. HP: 29/29 MP: 2/4
   870 | D:2      | Noticed Terence
   873 | D:2      | XOM: enchant monster (bad)
   878 | D:2      | Killed Terence
   879 | D:2      | Reached skill level 1 in Spellcasting
   885 | D:2      | Reached XP level 4. HP: 25/35 MP: 5/5
  1194 | D:2      | XOM: silly message
  1239 | D:2      | Reached skill level 1 in Unarmed Combat
  1247 | D:2      | Found a faded altar of an unknown god.
  1687 | D:3      | Reached skill level 1 in Stealth
  1871 | D:3      | XOM: god gift: arbalest {god gift}
  2032 | D:3      | XOM: 2-stop teleportation journey
  2113 | D:3      | XOM: give mutations
  2113 | D:3      | Gained mutation: You occasionally lose the ability to drink
                  | potions when taking damage. [Xom's mischief]
  2113 | D:3      | Gained mutation: You have sharp toenails. [Xom's mischief]
  2113 | D:3      | Gained mutation: Your spells are a little easier to cast,
                  | but a little less powerful. [Xom's mischief]
  2178 | D:3      | Noticed Natasha
  2182 | D:3      | Lost mutation: You have sharp toenails. [demonic ancestry]
  2182 | D:3      | Gained mutation: You have large cloven feet. [demonic
                  | ancestry]
  2182 | D:3      | Reached XP level 5. HP: 40/41 MP: 5/7
  2193 | D:3      | Killed Natasha
  2198 | D:3      | Reached skill level 1 in Polearms
  2299 | D:3      | Noticed Natasha
  2312 | D:3      | XOM: noise
  2316 | D:3      | XOM: enchant monster (good)
  2356 | D:3      | Killed Natasha
  2663 | D:3      | Noticed Natasha
  2671 | D:3      | Killed Natasha
  2871 | D:4      | Reached XP level 6. HP: 46/48 MP: 8/8
  2873 | D:4      | XOM: summons friendly crimson imp
  2984 | D:4      | XOM: polymorph crimson imp -> ufetubus
  3349 | D:4      | XOM: give mutations
  3349 | D:4      | Gained mutation: You expend magic power (3 MP) to
                  | strengthen your wands. [Xom's grace]
  3349 | D:4      | Gained mutation: You passively dampen the noise of your
                  | surroundings. [Xom's grace]
  3382 | D:4      | XOM: 1-stop teleportation journey
  3619 | D:4      | XOM: scenery: create altars
  3713 | D:5      | Entered Level 5 of the Dungeon
  3748 | D:5      | Gained mutation: You have hoof-like feet. [demonic
                  | ancestry]
  3748 | D:5      | Reached XP level 7. HP: 32/54 MP: 10/10
  3873 | D:5      | XOM: divine lightning
  3900 | D:5      | Reached skill level 1 in Evocations
  3907 | D:5      | Found Ceroetaawn's Magic Scroll Emporium.
  3917 | D:5      | Bought a scroll of enchant weapon for 90 gold pieces
  3917 | D:5      | Bought a scroll of identify for 24 gold pieces
  3917 | D:5      | Bought a scroll of identify for 24 gold pieces
  3917 | D:5      | Bought a scroll of immolation for 48 gold pieces
  4003 | D:5      | XOM: 5-stop teleportation journey
  4055 | D:5      | XOM: scenery: summon butterflies
  4059 | D:5      | XOM: summons 3 friendly demons
  4515 | D:5      | XOM: give mutations
  4515 | D:5      | Gained mutation: You possess an exceptional clarity of
                  | mind. [Xom's grace]
  4515 | D:5      | Gained mutation: Your natural rate of healing is unusually
                  | fast. [Xom's grace]
  4626 | D:6      | XOM: god gift: forked bronze wand {god gift}
  4631 | D:6      | Reached XP level 8. HP: 9/61 MP: 10/12
  4680 | D:6      | XOM: 1-stop teleportation journey
  4687 | D:6      | Got Gydawior's Anthology of the Fulgurous Mob
  4837 | D:6      | Found Tooris's Antique Armour Emporium.
  4885 | D:6      | XOM: destruction
  5373 | D:6      | XOM: 3-stop teleportation journey
  5624 | D:7      | Reached skill level 1 in Shields
  5750 | D:7      | Reached skill level 5 in Fighting
  5775 | D:7      | Found a staircase to the Ecumenical Temple.
  5785 | Temple   | Entered the Ecumenical Temple
  5831 | D:7      | XOM: enchant monster (bad)
  5872 | D:7      | XOM: 4-stop teleportation journey
  5895 | D:7      | Found a runed translucent door.
  5900 | D:7      | Found a basalt altar of Yredelemnul.
  5948 | D:7      | Noticed Pikel
  5952 | D:7      | XOM: summons 2 friendly demons
  5953 | D:7      | XOM: divine lightning
  5955 | D:7      | Killed Pikel
  6022 | D:7      | XOM: polymorph ice beast -> bat
  6164 | D:8      | XOM: enchant monster (good)
  6169 | D:8      | Gained mutation: You are mostly covered in thin metallic
                  | scales. (AC +3) [demonic ancestry]
  6169 | D:8      | Reached XP level 9. HP: 68/68 MP: 14/14
  6182 | D:8      | XOM: potion effect (brilliance)
  6188 | D:8      | XOM: potion effect (berserk rage)
  6192 | D:8      | Reached skill level 5 in Axes
  6633 | D:8      | Found Meup's Magic Scroll Shoppe.
  6639 | D:8      | Bought a scroll of amnesia for 48 gold pieces
  6639 | D:8      | Bought a scroll of identify for 24 gold pieces
  6639 | D:8      | Bought a scroll of identify for 24 gold pieces
  6823 | D:9      | XOM: butterfly on damage
  7001 | D:8      | Learned a level 3 spell: Stone Arrow
  7006 | D:8      | Learned a level 4 spell: Animate Armour
  7011 | D:8      | Learned a level 4 spell: Summon Blazeheart Golem
  7017 | D:8      | Learned a level 5 spell: Silence
  7042 | D:9      | Noticed an elephant
  7043 | D:9      | XOM: enchant monster (good)
  7047 | D:9      | XOM: divination: detect creatures
  7050 | D:9      | Reached skill level 5 in Armour
  7050 | D:9      | Reached XP level 10. HP: 74/76 MP: 16/16
  7058 | D:9      | Killed an elephant
  7069 | D:9      | Reached skill level 1 in Hexes
  7160 | D:9      | Noticed Edmund
  7162 | D:9      | Noticed Ijyb
  7169 | D:9      | Killed Ijyb
  7170 | D:9      | XOM: confuse monster(s)
  7176 | D:9      | Reached skill level 1 in Conjurations
  7178 | D:9      | Reached skill level 5 in Dodging
  7178 | D:9      | Killed Edmund
  7178 | D:9      | XOM: summons friendly shadow imp
  7179 | D:9      | Reached skill level 1 in Summonings
  7215 | D:9      | XOM: scenery: 2 doors close
  7268 | D:9      | XOM: divination: magic mapping
  7276 | D:9      | Reached skill level 5 in Unarmed Combat
  7279 | D:9      | XOM: summons 7 friendly demons
  7282 | D:9      | Reached skill level 5 in Spellcasting
  7288 | D:9      | Found a shadowy altar of Dithmenos.
  7357 | D:9      | XOM: fog
  7399 | D:9      | HP: 3/77 [komodo dragon (40)]
  7399 | D:9      | XOM: butterfly on damage
  7424 | D:9      | Found a staircase to the Lair.
  7457 | D:9      | Gained mutation: You sometimes emit foul miasma when
                  | damaged in melee. [demonic ancestry]
  7457 | D:9      | Reached XP level 11. HP: 81/83 MP: 18/18
  7458 | D:9      | Found a blossoming altar of Fedhas.
  7539 | D:9      | XOM: god gift: wand of digging (1)
  7928 | D:10     | Entered Level 10 of the Dungeon
  7969 | D:10     | Noticed Grum
  7996 | D:10     | Killed Grum
  8466 | D:10     | XOM: god gift: Xom's Secrets of Chance {god gift}
  8467 | D:10     | Got Xom's Secrets of Chance {god gift}
  8471 | D:10     | Learned a level 2 spell: Cigotuvi's Dreadful Rot
  8474 | D:10     | Learned a level 2 spell: Momentum Strike
  8566 | D:10     | XOM: scenery: create altars
  8580 | D:10     | Noticed a two-headed ogre
  8587 | D:10     | XOM: divination: magic mapping
  8588 | D:10     | XOM: potion effect (magic)
  8592 | D:10     | XOM: cast spell 'Fugue of the Fallen'
  8594 | D:10     | Killed a two-headed ogre
  8644 | D:10     | XOM: god gift: plate armour {god gift}
  8654 | D:10     | Found a roughly hewn altar of Beogh.
  8656 | D:10     | an orc changed into a glowing shapeshifter
  8656 | D:10     | Noticed a glowing shapeshifter (glowing shapeshifter)
  8656 | D:10     | XOM: polymorph orc -> glowing shapeshifter
  8656 | D:10     | a glowing shapeshifter changed into a jelly
  8659 | D:10     | XOM: summons friendly iron imp
  8798 | D:10     | Slain by a vampire

Illustrated notes

Levels and vault maps discovered:
D:1:      shiori_arrival_whats_in_store_for_you, layout_loops_ring
D:2:      layout_loops_ring, shapermc_ecumenical_altar_pompeii, basic_altar,
          uniq_terence
D:3:      minmay_general_purpose_star, layout_basic, uniq_natasha
D:4:      layout_loops_ring
D:5:      layout_basic, serial_shops, shop, kennysheep_generic_room_3
D:6:      layout_loops_ring, serial_shops, shop,
          serial_library_regret_index_headful
D:7:      layout_gridville, dk_yredelemnul_ordeal, temple_doors_e, uniq_pikel
D:8:      layout_loops_ring, serial_shops, shop
D:9:      erik_cavepeople, layout_basic, lemuel_doored_altar,
          mainiacjoe_overflow_big_doors, david_lair_generic
D:10:     layout_cave_pods, special_room [special_room_orc], uniq_grum
Temple:   dpeg_three_leaves_temple

Skill      XL: |  1  2  3  4  5  6  7  8  9 10 11 |
---------------+----------------------------------+-----
Dodging        | 1 2 3 4 5 |  5.6
Armour         | 2 3 4 5 |  5.8
Spellcasting   | 1 2 3 4 5 |  5.4
Unarmed Combat | 1 2 3 4 5 |  5.4
Axes           | 3 4 5 6 |  6.2
Stealth        | 1 2 3 4 |  4.4
Polearms       | 1 2 3 4 |  4.0
Fighting       | 4 5 6 |  6.9
Evocations     | 1 2 3 |  3.7
Shields        | 1 3 4 |  4.7
Hexes          | 2 |  2.4
Conjurations   | 2 |  2.4
Summonings     | 1 2 |  2.0
Necromancy     | |  0.8
Alchemy        | |  0.2

Action                     |  1- 3 |  4- 6 |  7- 9 | 10-12 || total
---------------------------+-------+-------+-------+-------++-------
  Melee: Hand axe          |    58 |   208 |   330 |   281 ||   877
         Kick              |       |    32 |   105 |    86 ||   223
  Evoke: Wand              |       |       |       |     1 ||     1
    Use: Scroll            |       |     8 |    11 |     3 ||    22
         Potion            |       |       |     1 |     5 ||     6
   Stab: Paralysed         |     1 |       |       |       ||     1
         Confused          |     1 |     1 |       |     3 ||     5
         Sleeping          |       |     2 |     3 |     1 ||     6
         Petrified         |       |       |     3 |       ||     3
         Distracted        |       |       |     2 |       ||     2
         Held in net/web   |       |       |       |     1 ||     1
 Armour: Leather armour    |    38 |   151 |       |       ||   189
         Ring mail         |       |       |   192 |   167 ||   359
  Dodge: Dodged            |    43 |   115 |   255 |   264 ||   677
  Block: Other             |       |       |    54 |    67 ||   121
         Reflection        |       |       |     2 |       ||     2

Table legend: (Time is in decaauts)
 A = Elapsed time spent in this place.
 B = Non-inter-level travel time spent in this place.
 C = Inter-level travel time spent in this place.
 D = Time resting spent in this place.
 E = Time spent auto-exploring this place.
 F = Levels seen in this place.
 G = Mean time per level.
                   A        B        C        D        E       F      G
               +--------+--------+--------+--------+--------+-----+--------+
         Total |   8875 |   8458 |    417 |    391 |   6013 |  11 |  806.8 |
       Dungeon |   8873 |   8456 |    417 |    391 |   6013 |  10 |  887.3 |
        Temple |      1 |      1 |      0 |      0 |      0 |   1 |    1.0 |
               +--------+--------+--------+--------+--------+-----+--------+

Top non-repeatable levels by time:
     D:3: 1148 daAuts
     D:4: 1079 daAuts
     D:9: 931 daAuts
     D:6: 908 daAuts
     D:1: 876 daAuts
    D:10: 863 daAuts
     D:5: 856 daAuts
     D:8: 855 daAuts
     D:2: 758 daAuts
     D:7: 595 daAuts
  Temple: 1 daAuts
